 Dungeon Crawl Stone Soup version 0.22-a0-348-gd16d139 (webtiles) character file.

53 Lilleppy the Skirmisher (level 3, -2/29 HPs)
             Began as a Demonspawn Berserker on Apr 9, 2018.
             Was a Follower of Trog.
             Slain by Crazy Yiuf
             ... wielding a +4 quarterstaff of chaos
              (8 damage)
             ... on level 2 of the Dungeon.
             The game lasted 00:04:26 (1507 turns).

Lilleppy the Skirmisher (Demonspawn Berserker)      Turns: 1507, Time: 00:04:27

Health: -2/29      AC:  8    Str: 18    XL:     3   Next: 64%
Magic:  3/3        EV:  7    Int:  8    God:    Trog [*.....]
Gold:   23         SH:  0    Dex: 12    Spells: 2/2 levels left

rFire    . . .     SeeInvis .   a - +0 falchion
rCold    . . .     Gourm    .   (no shield)
rNeg     . . .     Faith    .   f - +0 chain mail
rPois    .         Spirit   .   (no helmet)
rElec    .         Reflect  .   (no cloak)
rCorr    .         Harm     .   (no gloves)
MR       .....                  (no boots)
Stlth    ..........             (no amulet)
HPRegen  0.09/turn              (no ring)
MPRegen  0.08/turn              (no ring)

@: no status effects
A: hooves 1
a: Berserk, Renounce Religion


You were on level 2 of the Dungeon.
You worshipped Trog.
Trog was aware of your devotion.
You were not hungry.

You visited 1 branch of the dungeon, and saw 2 of its levels.

You collected 23 gold pieces.

Inventory:

Hand Weapons
 a - a +0 falchion (weapon)
 n - a +2 dagger of draining
Armour
 b - a +0 animal skin
 f - a +0 chain mail (worn)
Scrolls
 d - 2 scrolls of remove curse
 e - 3 scrolls of identify {unknown}
 g - a scroll of noise {unknown}
 i - 2 scrolls of blinking {unknown}
 k - 2 scrolls of enchant weapon {unknown}
 l - a scroll of random uselessness {unknown}
 m - a scroll of teleportation {unknown}
Potions
 h - a potion of heal wounds {unknown}
 j - a potion of agility {unknown}
Comestibles
 c - 2 rations


   Skills:
 + Level 3.6 Fighting
 + Level 3.5 Long Blades
 + Level 1.9 Armour
 + Level 2.0 Dodging


You had 2 spell levels left.
You didn't know any spells.

Dungeon Overview and Level Annotations

Branches:
Dungeon (2/15)

Altars:
Trog
The Shining One

Annotations:
D:2 Crazy Yiuf


Innate Abilities, Weirdness & Mutations

You have large cloven feet.


Message History

Crazy Yiuf hits you with a quarterstaff of chaos.
Crazy Yiuf draws strength from your wounds!
You closely miss Crazy Yiuf.
Crazy Yiuf is heavily wounded.
Crazy Yiuf barely misses you.
You barely miss Crazy Yiuf. You kick Crazy Yiuf.
Crazy Yiuf is severely wounded.
Crazy Yiuf sings, "Trees, trees, trees, circus!"
Crazy Yiuf hits you with a quarterstaff of chaos.
You hit Crazy Yiuf. Your kick misses Crazy Yiuf.
Crazy Yiuf is almost dead.
Crazy Yiuf hits you with a quarterstaff of chaos!
You closely miss Crazy Yiuf.
Crazy Yiuf is almost dead.
Crazy Yiuf hits you with a quarterstaff of chaos.
* * * LOW HITPOINT WARNING * * *
You hit Crazy Yiuf.
Crazy Yiuf is almost dead.
Crazy Yiuf hits you with a quarterstaff of chaos!
You die...

#### ...# ...#
...######### ####
.........#.## ###..)#
...###......####@g...#
...# ##......#..##...#
...# ##.#..#.### ####
...# ######## ...#
####


You could see Crazy Yiuf.

Vanquished Creatures
  A worker ant (D:2)
  An ooze (D:1)
  3 leopard geckos
  3 goblins
  4 hobgoblins (D:1)
  A quokka (D:2)
  2 bats (D:1)
  4 kobolds
  4 rats (D:1)
23 creatures vanquished.

Notes
Turn   | Place    | Note
-------+----------+-------------------------------------------
     0 | D:1      | Lilleppy the Demonspawn Berserker began the quest for the Orb.
     0 | D:1      | Reached XP level 1. HP: 18/18 MP: 1/1
    46 | D:1      | Gained mutation: You have large cloven feet. [demonic ancestry]
    46 | D:1      | Reached XP level 2. HP: 10/24 MP: 2/2
   918 | D:2      | Found a glowing golden altar of the Shining One.
   975 | D:2      | Reached XP level 3. HP: 9/29 MP: 3/3
   979 | D:2      | HP: 1/29 [worker ant (3)]
  1310 | D:2      | Found a bloodstained altar of Trog.
  1393 | D:2      | Found a runed door.
  1497 | D:2      | Noticed Crazy Yiuf
  1507 | D:2      | Slain by Crazy Yiuf

Vault maps used:
D:1:      dpeg_arrival_fog
D:2:      wad_river_or_something, bloody_trog,
          nicolae_overflow_quartered_altars, tso_altar, uniq_crazy_yiuf_cottage

Skill      XL: |  1  2  3 |
---------------+----------+-----
Long Blades    | 3 |  3.5
Dodging        | 2 |  2.0
Fighting       | |  3.6
Armour         | |  1.9

Action                   || total
-------------------------++-------
Melee: Falchion          ||    52
       Kick              ||    14
  Use: Potion            ||     2
       Scroll            ||     2
  Eat: Ration            ||     1
Armor: Animal skin       ||     9
       Chain mail        ||     2
Dodge: Dodged            ||    47
       Rpst.: Falchion   ||    17

Table legend:
 A = Spawn XP
 B = Non-spawn XP
 C = Spawn XP percentage of total XP
 D = Spawn monster count
 E = Non-spawn monster count
 F = Spawn count percentage of total count
 G = Total turns spent on level
                    A         B        C        D         E        F      G
               +---------+---------+-------+---------+---------+-------+---------
         Total |       0 |      77 |   0.0 |       0 |      23 |   0.0 |  1507
               +---------+---------+-------+---------+---------+-------+---------
           D:1 |       0 |      28 |   0.0 |       0 |      15 |   0.0 |   871
           D:2 |       0 |      49 |   0.0 |       0 |       8 |   0.0 |   636
               +---------+---------+-------+---------+---------+-------+---------
